 Dungeon Crawl Stone Soup version 0.25-a0-471-g78e40d7af6 (webtiles) character file.

Game seed: 7334671549294594444, levelgen mode: deterministic

33 dunjonMagik the Scratcher (level 3, -2/17 HPs)
             Began as a Felid Chaos Knight on Feb 6, 2020.
             Was a Plaything of Xom.
             Slain by a worm (11 damage)
             ... on level 2 of the Dungeon.
             The game lasted 00:02:20 (1385 turns).

dunjonMagik the Scratcher (Felid Chaos Knight)      Turns: 1385, Time: 00:02:21

Health: -2/17      AC:  1    Str: 11    XL:     3   Next: 12%
Magic:  4/4        EV: 18    Int: 13    God:    Xom [*.....]
Gold:   62         SH:  0    Dex: 15    Spells: 2/2 levels left
                                        Lives:  0   Deaths: 0

rFire    + . .     SeeInvis +     - Unarmed
rCold    . . .     Gourm    .   (shield unavailable)
rNeg     . . .     Faith    .   (armour unavailable)
rPois    .         Spirit   .   (helmet unavailable)
rElec    .         Reflect  .   (cloak unavailable)
rCorr    .         Harm     .   (gloves unavailable)
MR       .....                  (boots unavailable)
Stlth    ++........             (no amulet)
HPRegen  0.05/turn              (no ring)
MPRegen  0.09/turn              (no ring)

@: quick
A: very small, no armour, no weapons or thrown items, stealth, antennae 1, claws
1, fangs 3, see invisible, carnivore, fire resistance 1, speed 1, mutation
resistance 1, shaggy fur 1, slow metabolism 1, strong 1, sharp paws
a: Renounce Religion


You were on level 2 of the Dungeon.
You worshipped Xom.
You were a special plaything of Xom.
You were not hungry.

You visited 1 branch of the dungeon, and saw 2 of its levels.

You collected 62 gold pieces.

Inventory:

Scrolls
 b - 2 scrolls of magic mapping {unknown}
 c - 2 scrolls of identify {unknown}
 d - a scroll of blinking {unknown}
 e - a scroll of enchant armour {unknown}
 f - a scroll of remove curse {unknown}
 h - a scroll of teleportation {unknown}
 i - a scroll of fear {unknown}
Potions
 g - a potion of resistance {unknown}
Comestibles
 a - 2 rations


   Skills:
 + Level 3.0 Fighting
 - Level 3.2 Dodging
 + Level 4.3 Unarmed Combat


You had 2 spell levels left.
You didn't know any spells.
Your spell library was empty.

Dungeon Overview and Level Annotations

Branches:
Dungeon (2/15)

Altars:


Innate Abilities, Weirdness & Mutations

You cannot wear armour.
You are incapable of wielding weapons or throwing items.
Your paws allow you to move quietly. (Stealth)
You have sharp claws.
You have razor-sharp teeth.
You have supernaturally acute eyesight. (SInv)
You are carnivorous and can eat meat at any time.
You cover ground quickly.
You are covered in fur. (AC +1)
You have a slow metabolism.
Your sharp claws are effective at attacking unaware monsters.
You have a pair of small antennae on your head.
Your flesh is heat resistant. (rF+)
You are somewhat resistant to further mutation.
Your muscles are strong. (Str +2)


Message History

a +0 dagger; a goblin corpse
Found a robe.
You now have 62 gold pieces (gained 11).
A worm comes into view.
A worm is nearby!
You claw the worm!
The worm is heavily wounded.
The worm closely misses you.
You scratch the worm. Your bite misses the worm.
The worm is heavily wounded.
You scratch the worm.
The worm is heavily wounded.
The worm bites you!
You scratch the worm but do no damage.
The worm is heavily wounded.
You scratch the worm.
The worm is severely wounded.
The worm bites you!
Ouch! That really hurt!
You die...

#####
#.#.#.....##...)...........
#.#.#.###.##.........#####.
#.#.#.###.##.....<...# #.
#.#.#...#.##........## ##
#.#.......#.##.........#
#.###.#####.##.........#
#.# #..........[.#####.#
#.# ########.....# ..
#####.#### #@....# ..
......... #w...$# ...
#.....#### #.....#
#........# .....##
.?.S......# .....#
##.....#..# ......#
.......#l.#.# ####.##
.......# .... .#
.......###...


You could see a worm.

Vanquished Creatures
  An adder (D:2)
  A dart slug (D:1)
  A bat (D:1)
  A giant cockroach (D:1)
  5 goblins
  4 hobgoblins (D:1)
  4 kobolds
  2 rats (D:1)
19 creatures vanquished.

Vanquished Creatures (others)
  A fire vortex (D:1)
1 creature vanquished.

Grand Total: 20 creatures vanquished

Notes
Turn   | Place    | Note
-------+----------+-------------------------------------------
     0 | D:1      | dunjonMagik the Felid Chaos Knight began the quest for the
                  | Orb.
     0 | D:1      | Reached XP level 1. HP: 10/10 MP: 2/2
   200 | D:1      | XOM: silly message
   347 | D:1      | XOM: harmless Fire miscast
   463 | D:1      | Reached XP level 2. HP: 14/14 MP: 3/3
   556 | D:1      | XOM: harmless Pois miscast
   569 | D:1      | XOM: 5-stop teleportation journey
   862 | D:1      | XOM is BORED!
   862 | D:1      | XOM: mild Fire miscast
  1194 | D:2      | Reached skill level 4 in Unarmed Combat
  1305 | D:2      | XOM: give mutations
  1305 | D:2      | Gained mutation: You have a pair of small antennae on your
                  | head. [Xom's grace]
  1305 | D:2      | Gained mutation: Your muscles are strong. (Str +2) [Xom's
                  | grace]
  1305 | D:2      | Gained mutation: Your flesh is heat resistant. (rF+) [Xom's
                  | grace]
  1305 | D:2      | Gained mutation: You are somewhat resistant to further
                  | mutation. [Xom's grace]
  1322 | D:2      | XOM: 4-stop teleportation journey
  1325 | D:2      | Reached XP level 3. HP: 15/17 MP: 4/4
  1385 | D:2      | Slain by a worm

Levels and vault maps discovered:
D:1:      tarquinn_simple_flora_water_c, layout_basic, serial_forest,
          infiniplex_forest_clump_long, infiniplex_forest_side_room,
          infiniplex_forest_lined_3_way, infiniplex_forest_fountain,
          infiniplex_forest_lined_3, infiniplex_forest_corner_1,
          infiniplex_forest_fountain, item_on_display_a
D:2:      layout_basic, lemuel_doored_altar

Skill      XL: |  1  2 |
---------------+-------+-----
Unarmed Combat | 4 |  4.3
Fighting       | |  3.0
Dodging        | |  3.2

Action                   || total
-------------------------++-------
Melee: Unarmed           ||    58
       Bite              ||     1
 Stab: Sleeping          ||     6
Armor: Skin              ||     1
Dodge: Dodged            ||    39

Table legend:
 A = Non-vault XP
 B = Vault XP
 C = Vault XP percentage of total XP
 D = Non-vault monster count
 E = Vault monster count
 F = Vault count percentage of total count
                 A         B        C        D         E       F
            +---------+---------+-------+---------+---------+-------
      Total |      48 |       0 |   0.0 |      19 |       0 |   0.0
            +---------+---------+-------+---------+---------+-------
        D:1 |      28 |       0 |   0.0 |      15 |       0 |   0.0
        D:2 |      20 |       0 |   0.0 |       4 |       0 |   0.0
            +---------+---------+-------+---------+---------+-------
